 Dungeon Crawl Stone Soup version 0.23-a0-49-gd9f7a49 (webtiles) character file.

528606 galech the Executioner (level 24, -1/231 HPs)
             Began as a Minotaur Fighter on Aug 7, 2018.
             Was the Champion of Makhleb.
             Splashed by a caustic shrike's acid (6 damage)
             ... on level 5 of the Depths.
             The game lasted 02:03:58 (48931 turns).

galech the Executioner (Minotaur Fighter)          Turns: 48931, Time: 02:04:00

Health: -1/231     AC: 23    Str: 33    XL:     24   Next: 35%
Magic:  34/34      EV: 13    Int:  9    God:    Makhleb [******]
Gold:   3001       SH: 29    Dex: 23    Spells: 23/23 levels left

rFire    + + +     SeeInvis +   j - +14 obsidian axe {chop, +Fly SInv *Curse}
rCold    + + .     Gourm    .   J - +2 large shield
rNeg     . . .     Faith    .   E - +0 gold dragon scales
rPois    +         Spirit   .   V - +1 hat
rElec    +         Reflect  .   K - +2 cloak
rCorr    .         Harm     .   D - +0 pair of gloves of the Forest {rF+}
MR       +....                  r - +3 pair of boots of Mufry {rC+}
Stlth    ..........             q - amulet "Zaboeri" {Acrobat rElec rF+ Int+4 Stlth+}
HPRegen  0.48/turn              m - +5 ring of dexterity
MPRegen  0.24/turn              c - ring "Qetzibbin" {*Contam +Blink +Fly rElec Str+8}

@: corroded, mesmerised, slowed, very slow
A: retaliatory headbutt, horns 2, deterioration 1
}: 3/15 runes: decaying, silver, gossamer
a: Minor Destruction, Lesser Servant of Makhleb, Major Destruction, Greater
Servant of Makhleb, Renounce Religion, Evoke Blink, Evoke Flight


You were on level 5 of the Depths.
You worshipped Makhleb.
Makhleb was exalted by your worship.
You were not hungry.

You visited 9 branches of the dungeon, and saw 45 of its levels.
You visited the Abyss 2 times.
You also visited: Labyrinth.

You collected 5766 gold pieces.
You spent 2765 gold pieces at shops.

Inventory:

Hand Weapons
 j - the +14 obsidian axe (weapon) {chop, +Fly SInv *Curse}
   (You took it off a deep elf demonologist on level 4 of the Vaults)

   It inflicts extra damage upon your enemies.
   It lets you see invisible.
   It lets you fly.
   It curses itself when equipped.
Armour
 g - a scarf of spirit shield
 n - the +2 cloak "Haxzat" {rF+ rC- Stlth+}
   (You found it on level 3 of the Elven Halls)

   It protects you from fire.
   It makes you vulnerable to cold.
   It makes you more stealthy.
 r - the +3 pair of boots of Mufry (worn) {rC+}
   (You found it on level 1 of the Swamp)

   It protects you from cold.
 D - the +0 pair of gloves of the Forest (worn) {rF+}
   (You found it on level 1 of the Spider Nest)

   It protects you from fire.
 E - +0 gold dragon scales (worn)
 J - a +2 large shield (worn)
 K - a +2 cloak (worn)
 V - a +1 hat (worn)
Jewellery
 b - the ring of the Falcon {+Inv rElec rF+ rN++}
   (You found it on level 5 of the Vaults)

   [ring of protection from fire]

   It protects you from fire.
   It insulates you from electricity.
   It greatly protects you from negative energy.
   It lets you turn invisible.
 c - the ring "Qetzibbin" (right hand) {*Contam +Blink +Fly rElec Str+8}
   (You bought it in a shop on level 14 of the Dungeon)

   [ring of flight]

   It affects your strength (+8).
   It insulates you from electricity.
   It lets you fly.
   It lets you blink.
   It causes magical contamination when unequipped.
 m - a +5 ring of dexterity (left hand)
 q - the amulet "Zaboeri" (around neck) {Acrobat rElec rF+ Int+4 Stlth+}
   (You took it off a deep elf elementalist on level 3 of the Elven Halls)

   [amulet of the acrobat]

   It helps you evade while moving and waiting.
   It affects your intelligence (+4).
   It protects you from fire.
   It insulates you from electricity.
   It makes you more stealthy.
 y - an uncursed ring of see invisible
 M - the ring "Wyrroan" {rC- Str+6 Int+3 Dex+4}
   (You found it on level 3 of the Depths)

   [ring of dexterity]

   It affects your strength (+6).
   It affects your intelligence (+3).
   It affects your dexterity (+4).
   It makes you vulnerable to cold.
 P - an uncursed ring of protection from cold
 S - the ring of Jigixk Esche {AC+2 Stlth+}
   (You found it on level 7 of the Dungeon)

   [ring of protection]

   It affects your AC (+2).
   It makes you more stealthy.
 U - an uncursed amulet of guardian spirit
 Y - an uncursed ring of resist corrosion
Wands
 F - a wand of digging (49)
 R - a wand of iceblast (6)
Scrolls
 e - 9 scrolls of blinking
 h - 4 scrolls of enchant weapon
 o - 3 scrolls of fear
 p - 15 scrolls of remove curse
 s - 10 scrolls of amnesia
 v - 7 scrolls of magic mapping
 A - 3 scrolls of silence
 B - 5 scrolls of holy word
 G - 13 scrolls of teleportation
 I - 5 scrolls of fog
 L - 2 scrolls of brand weapon
 N - 7 scrolls of enchant armour
 O - 4 scrolls of identify
Potions
 a - 8 potions of ambrosia
 d - 6 potions of might
 i - 9 potions of agility
 k - 2 potions of magic
 l - 9 potions of flight
 t - 6 potions of invisibility
 u - 26 potions of curing
 w - 3 potions of resistance
 x - 6 potions of mutation
 C - 5 potions of haste
 H - 2 potions of heal wounds
 Q - a potion of brilliance
 T - a potion of cancellation
Comestibles
 f - 82 rations
 z - 16 chunks of flesh


   Skills:
 + Level 22.1 Fighting
   Level 3.8 Long Blades
 + Level 24.0 Axes
   Level 1.1(16.5) Polearms
 + Level 20.6 Armour
 - Level 8.5 Dodging
 - Level 7.3 Stealth
 + Level 23.0 Shields
 + Level 16.5 Invocations


You had 23 spell levels left.
You didn't know any spells.
Your spell library contained the following spells:

 Spells                   Type           Power        Failure   Level  Hunger
 Cause Fear               Hex            #.........   100%        4    #####..
 Fireball                 Conj/Fire      #.........   100%        5    ######.
 Apportation              Tloc           #.....       99%         1    ##.....
 Conjure Flame            Conj/Fire      #.......     100%        3    ####...
 Bolt of Cold             Conj/Ice       #.........   100%        6    #######
 Lightning Bolt           Conj/Air       #.........   100%        5    ######.
 Bolt of Magma            Conj/Fire/Erth #.........   100%        5    ######.
 Slow                     Hex            #.......     99%         2    ###....
 Confuse                  Hex            #.......     100%        3    ####...
 Throw Flame              Conj/Fire      #.....       99%         2    ###....
 Throw Frost              Conj/Ice       #.....       99%         2    ###....
 Freezing Cloud           Conj/Ice/Air   #.........   100%        6    #######
 Mephitic Cloud           Conj/Pois/Air  #.......     100%        3    ####...
 Venom Bolt               Conj/Pois      #.........   100%        5    ######.
 Olgreb's Toxic Radiance  Pois           #.......     100%        4    #####..
 Summon Small Mammal      Summ           #...         99%         1    ##.....
 Animate Dead             Necr           N/A          100%        4    #####..
 Pain                     Necr           #...         99%         1    ##.....
 Animate Skeleton         Necr           N/A          99%         1    ##.....
 Freeze                   Ice            #...         99%         1    ##.....
 Sticky Flame             Conj/Fire      #.......     100%        4    #####..
 Summon Ice Beast         Ice/Summ       #.......     100%        4    #####..
 Ozocubu's Armour         Chrm/Ice       #.......     100%        3    ####...
 Regeneration             Chrm/Necr      #.........   100%        3    ####...
 Sting                    Conj/Pois      #...         99%         1    ##.....
 Tukima's Dance           Hex            #.......     100%        3    ####...
 Iron Shot                Conj/Erth      #.........   100%        6    #######
 Stone Arrow              Conj/Erth      #.....       100%        3    ####...
 Recall                   Summ/Tloc      N/A          100%        3    ####...
 Statue Form              Tmut/Erth      #........    100%        6    #######
 Dragon Form              Tmut           #.........   100%        7    #######
 Death Channel            Necr           #.........   100%        6    #######
 Deflect Missiles         Chrm/Air       #.........   100%        6    #######
 Throw Icicle             Conj/Ice       #.......     100%        4    #####..
 Shadow Creatures         Summ           N/A          100%        6    #######
 Confusing Touch          Hex            #.....       99%         1    ##.....
 Flame Tongue             Conj/Fire      #....        99%         1    ##.....
 Passwall                 Tmut/Erth      #.......     99%         2    ###....
 Ensorcelled Hibernation  Hex/Ice        #.....       99%         2    ###....
 Metabolic Englaciation   Hex/Ice        #.........   100%        5    ######.
 Silence                  Hex/Air        #.........   100%        5    ######.
 Shatter                  Erth           #.........   100%        9    #######
 Static Discharge         Conj/Air       #.......     100%        3    ####...
 Corona                   Hex            #......      99%         1    ##.....
 Simulacrum               Ice/Necr       #.........   100%        6    #######
 Conjure Ball Lightning   Conj/Air       #.........   100%        6    #######
 Excruciating Wounds      Chrm/Necr      #.........   100%        5    ######.
 Portal Projectile        Hex/Tloc       #.....       100%        3    ####...
 Petrify                  Tmut/Erth      #.......     100%        4    #####..
 Orb of Destruction       Conj           #.........   100%        7    #######
 Tornado                  Air            #.........   100%        9    #######
 Leda's Liquefaction      Hex/Erth       #.........   100%        4    #####..
 Darkness                 Hex            #.........   100%        6    #######
 Shroud of Golubria       Chrm/Tloc      #.........   99%         2    ###....
 Inner Flame              Hex/Fire       #.......     100%        3    ####...
 Iskenderun's Battlesphe  Conj/Chrm      #.......     100%        5    ######.
 Fulminant Prism          Conj/Hex       #.........   100%        4    #####..
 Dazzling Spray           Conj/Hex       #.....       100%        3    ####...
 Infusion                 Chrm           #...         99%         1    ##.....
 Song of Slaying          Chrm           #.......     99%         2    ###....
 Spectral Weapon          Hex/Chrm       #.......     100%        3    ####...
 Summon Lightning Spire   Summ/Air       #.......     100%        4    #####..
 Spellforged Servitor     Conj/Summ      #.........   100%        7    #######
 Hydra Form               Tmut           #.........   100%        6    #######
 Irradiate                Conj/Tmut      #.........   100%        5    ######.
 Gell's Gravitas          Tloc           #.........   100%        3    ####...
 Yara's Violent Unravell  Hex/Tmut       #.........   100%        5    ######.
 Poisonous Vapours        Pois/Air       #.....       99%         2    ###....
 Borgnjor's Vile Clutch   Necr/Erth      #.........   100%        5    ######.


Dungeon Overview and Level Annotations

Branches:
Dungeon (15/15)            Temple (1/1) D:6            Lair (6/6) D:10
  Swamp (4/4) Lair:4       Spider (4/4) Lair:2        Slime (0/5) Lair:5
    Orc (2/2) D:9             Elf (3/3) Orc:2        Vaults (5/5) D:13
  Crypt (0/3) Vaults:3     Depths (5/5) D:15
    Zot: Depths:5

Altars:
Ashenzari
Dithmenos
Elyvilon
Fedhas
Hepliaklqana
Kikubaaqudgha
Makhleb
Nemelex Xobeh
Okawaru
Qazlal
Ru
Trog
Uskayaw
Vehumet
Wu Jian
Xom
Yredelemnul
Zin
Beogh
Jiyva
Lugonu

Shops:
D:6 !   D:11 (}(:   D:14 =*!?*   Orc:2 !}[?%   Elf:1 [   Elf:2 }:((:
Vaults:5 *

Portals:
Hell: Depths:1 Depths:2 Depths:3 Depths:4 Depths:5
Abyss: Depths:2 Depths:3 Depths:4
Pandemonium: Depths:3


Innate Abilities, Weirdness & Mutations

You reflexively headbutt those who attack you in melee.
You have a pair of horns on your head.
Your body sometimes deteriorates upon taking damage.


Message History

You hit the fire giant but do no damage.
Your headbutt misses the fire giant.
The fire giant is almost dead.
You slice the spriggan rider!!
You kill the hornet!
Makhleb accepts your kill.
You feel better.
The spriggan falls from its now dead mount.
Your gold dragon scales prevents you from hitting the caustic shrike.
Visions of slaying the fire giant flood into your mind.
The caustic shrike barely misses you. You furiously retaliate!
You headbutt the caustic shrike, but do no damage.
You block the fire giant's attack.
A water elemental comes into view.
Your hellwing hits the fire giant. x2; The spriggan hits you with a spear.
* * * LOW HITPOINT WARNING * * *
The caustic shrike claws you!
* * * LOW HITPOINT WARNING * * *
The acid corrodes you!
You are splashed with acid!
The acid burns!
You die...

### #...##### #
.##......## #. ###..#
#.....# ###.#####......
#.....
#.E.ci.C##...#####..⌠..
#@b4..# #.........
#[)...+ .......).#
#.....####.....).#
#.......###..⌠..##
##.##.###.......#
#.#..'..#3.....#
..##.#####.....#
##..#.....#..⌠..#
#..#.##..#..3..#


You could see a caustic shrike, a fire giant, a yaktaur captain, a water
elemental, a spriggan and a friendly hellwing.

Vanquished Creatures
  Mennas (Vaults:2)
  Sojobo (Vaults:2)
  Saint Roka (Vaults:5)
  the Lernaean hydra (Swamp:4)
  3 caustic shrikes (Depths:5)
  Nikola (Vaults:3)
  5 golden dragons
  Arachne (Spider:3)
  A bone dragon (Abyss:3)
  The ghost of biddum the Warrior, an adept HOMo of Okawaru (Vaults:2)
  A lich (Depths:4)
  The ghost of iamserjio the Hoplite, an adept OpBe of Trog (Vaults:2)
  Rupert (Lair:6)
  4 tentacled monstrosities
  A titan (Vaults:5)
  A quicksilver dragon (Vaults:4)
  A deep elf blademaster (Elf:3)
  A deep elf master archer (Elf:3)
  4 sphinxes
  Frances (Swamp:2)
  Gastronok (D:11)
  4 storm dragons
  A tentacled starspawn (Abyss:3)
  3 shadow dragons
  4 thorn hunters
  7 tengu reavers
  Roxanne (Elf:2)
  2 fire giants
  6 frost giants
  3 ghost moths
  6 emperor scorpions (Spider:4)
  12 vault wardens
  7 deep elf elementalists (Elf:3)
  A caustic shrike zombie (Depths:4)
  11 deep elf sorcerers
  A draconian stormcaller (Depths:5)
  11 ironheart preservers
  2 spriggan defenders
  A draconian annihilator (Depths:5)
  4 war gargoyles
  A green draconian (Depths:5)
  4 vampire knights
  21 very ugly things
  Azrael (D:14)
  2 black draconians (Depths:5)
  Nessos (D:13)
  6 deep elf demonologists
  11 stone giants
  An entropy weaver (Spider:4)
  A white draconian (Depths:5)
  A purple draconian (Depths:5)
  2 red draconians (Depths:5)
  7 deep elf annihilators
  A minotaur (Lab)
  2 spark wasps
  3 deep elf death magi
  6 ettins
  10 fire dragons
  16 ogre magi
  16 yaktaur captains
  6 deep elf high priests
  2 rakshasas
  5 great orbs of eyes
  4 ice dragons
  A hell beast (Depths:3)
  3 spriggan air magi (Depths:4)
  27 vault guards
  28 hydras
  A ghost crab (Swamp:3)
  7 centaur warriors
  A catoblepas (Lair:6)
  46 two-headed ogres
  15 alligators
  2 death knights
  A queen ant (shapeshifter) (Vaults:5)
  13 deep troll shamans
  6 death yaks
  A vampire mage (Depths:1)
  Urug (Orc:1)
  9 deep troll earth magi
  A titan zombie (Vaults:4)
  3 tengu warriors
  30 dancing weapons
  3 spriggan berserkers (Depths:5)
  4 thrashing horrors (Abyss:3)
  A soul eater (Depths:4)
  Nergalle (D:12)
  3 wretched stars (Abyss:3)
  19 deep elf knights
  5 iron trolls
  3 hell knights
  2 skeletal warriors
  2 spriggan druids
  2 unseen horrors (D:12)
  39 deep trolls
  9 swamp dragons
  7 shambling mangroves
  5 glowing orange brains
  5 harpies (Vaults:3)
  A golden dragon skeleton (Depths:4)
  2 flayed ghosts
  8 ironbrand convokers
  8 necromancers
  3 phantasmal warriors
  21 deep elf archers
  The ghost of Oddysee the Covered, a novice GnWn of Wu Jian (D:6)
  7 orc knights
  7 wizards
  31 wolf spiders
  74 deep elf magi
  A sphinx skeleton (Depths:4)
  A frost giant zombie (Vaults:4)
  17 orb spiders
  A tengu skeleton (Vaults:4)
  10 orc sorcerers
  3 salamanders
  44 ugly things
  A moth of wrath (shapeshifter) (Vaults:4)
  8 cyclopes
  3 centaur zombies
  3 moths of wrath (Spider:4)
  11 elephants
  7 manticores
  3 black mambas
  A rust devil (Depths:3)
  2 smoke demons (Abyss:3)
  A torpor snail (Lair:2)
  Psyche (D:8)
  3 gargoyles
  Joseph (D:8)
  6 vault sentinels
  3 efreet
  4 komodo dragons
  54 yaktaurs
  10 spiny frogs
  3 rime drakes
  6 freezing wraiths
  A kobold demonologist (D:11)
  A komodo dragon (shapeshifter) (Depths:2)
  10 demonic crawlers
  3 yaktaurs (shapeshifter)
  11 trolls
  A queen bee (shapeshifter) (Vaults:3)
  A tengu conjurer (Depths:1)
  2 red devils
  2 trolls (shapeshifter)
  39 jumping spiders
  2 polar bears (Lair:6)
  A polar bear (shapeshifter) (Depths:2)
  19 hornets
  3 meliai (D:15)
  11 bog bodies
  An ettin zombie (Vaults:2)
  4 tyrant leeches
  A jumping spider (shapeshifter) (Elf:1)
  23 slime creatures
  10 blink frogs (Lair:3)
  A large abomination (Abyss:3)
  4 hippogriffs
  A frost giant simulacrum (Vaults:4)
  A dream sheep (shapeshifter) (Vaults:5)
  A hippogriff (shapeshifter) (Vaults:4)
  5 water elementals
  A flying skull (Depths:3)
  27 tarantellas
  A fire giant simulacrum (Vaults:4)
  An air elemental (Elf:3)
  79 redbacks
  8 spriggans
  3 shadows
  5 fire bats
  28 yaks
  An ettin skeleton (Vaults:4)
  2 wraiths (D:8)
  A ynoxinul (Abyss:3)
  7 fire elementals
  2 wyverns
  2 basilisks
  A hog (shapeshifter) (Depths:3)
  16 humans (D:13)
  2 small abominations (Abyss:3)
  14 vampire mosquitoes
  12 hungry ghosts
  2 yaktaur simulacra
  A redback simulacrum (D:13)
  3 wargs
  17 swamp worms
  19 insubstantial wisps
  A swamp worm (shapeshifter) (Elf:1)
  Duvessa (D:4)
  4 hell hounds
  A floating eye (Depths:2)
  6 ice beasts
  6 porcupines
  A swamp drake (shapeshifter) (Vaults:3)
  11 water moccasins
  17 orc warriors
  A sky beast (shapeshifter) (Depths:5)
  A hornet zombie (D:15)
  3 sky beasts
  10 swamp drakes
  35 ogres
  2 necrophages
  2 phantoms
  3 black bears
  27 wolves
  17 centaurs
  An ettin simulacrum (Vaults:4)
  6 boggarts
  7 crocodiles
  A crocodile (shapeshifter) (Vaults:5)
  2 big kobolds
  14 bullfrogs
  3 human skeletons
  4 earth elementals
  Dowan (D:4)
  6 jellies
  A wyvern skeleton (D:11)
  A water moccasin skeleton (D:10)
  5 scorpions
  6 killer bees (D:11)
  A troll zombie (D:8)
  An elf simulacrum (Vaults:4)
  2 spriggan skeletons (Lab)
  21 wights
  5 howler monkeys
  4 crimson imps
  3 bullfrog zombies
  2 human simulacra
  2 quasits (D:11)
  6 hounds
  6 human zombies
  34 orc wizards
  7 centaur skeletons
  11 orc priests
  5 iguanas
  19 worker ants
  A killer bee zombie (D:9)
  3 mummies (D:8)
  A hound skeleton (D:11)
  A hound zombie (D:9)
  2 ogre skeletons (Lab)
  5 worker ant zombies
  A howler monkey zombie (D:11)
  12 gnolls
  16 adders
  A howler monkey skeleton (D:2)
  2 shadow imps (D:6)
  A worker ant simulacrum (D:11)
  An adder skeleton (D:7)
  2 adder zombies
  4 dart slugs
  12 leopard geckos
  69 orcs
  A ball python (D:6)
  6 giant cockroaches
  12 hobgoblins
  2 jackals (D:4)
  16 kobolds
  4 quokkas
  12 bats
  13 frilled lizards
  12 goblins
  2 jackal skeletons
  2 leopard gecko skeletons (D:6)
  3 quokka skeletons
  7 rats
  9 briar patches
  3 crawling corpses (Vaults:5)
  2 fungi
  8 plants
1925 creatures vanquished.

Vanquished Creatures (collateral kills)
  A caustic shrike (Depths:5)
  A quicksilver dragon (Vaults:5)
  A lich (Depths:5)
  A sphinx (Depths:5)
  A tengu reaver (Depths:1)
  A fire giant (Depths:3)
  3 frost giants
  A stone giant (Depths:5)
  5 very ugly things
  An ettin (Depths:5)
  A spark wasp (Depths:3)
  A yaktaur captain (Depths:4)
  2 fire dragons
  4 ice dragons
  A rakshasa (Depths:1)
  3 two-headed ogres
  A spriggan air mage (Depths:5)
  A deep troll shaman (Depths:3)
  A deep troll earth mage (Depths:4)
  A hell knight (Depths:3)
  A spriggan berserker (Depths:3)
  A storm dragon zombie (Depths:4)
  2 iron trolls
  4 deep trolls
  An unseen horror (shapeshifter) (Depths:1)
  2 deep elf archers (Vaults:5)
  5 ugly things
  A rime drake (shapeshifter) (Depths:1)
  2 yaktaurs
  2 hornets (Depths:1)
  2 spriggans (Depths:1)
  2 flying skulls (Depths:3)
  A water elemental (Depths:4)
  2 fire bats
  A boggart (Depths:4)
  4 ogres
  A fire vortex (Depths:2)
66 creatures vanquished.

Vanquished Creatures (others)
  A sphinx (Vaults:5)
  An entropy weaver (Vaults:2)
  A yaktaur captain (Vaults:5)
  A deep elf knight (Vaults:3)
  A deep troll (Vaults:5)
  An ugly thing (Depths:4)
  2 deep elf magi
  A human skeleton (Vaults:4)
  A tyrant leech (Swamp:3)
  A shadow (D:11)
  2 redbacks
  3 insubstantial wisps (Swamp:3)
  2 orc warriors (Vaults:5)
  A centaur skeleton (D:11)
  A briar patch (Swamp:1)
  A crawling corpse (Vaults:5)
  2 fungi
  4 plants
27 creatures vanquished.

Grand Total: 2018 creatures vanquished

Notes
Turn   | Place    | Note
-------+----------+-------------------------------------------
     0 | D:1      | galech the Minotaur Fighter began the quest for the Orb.
     0 | D:1      | Reached XP level 1. HP: 19/19 MP: 0/0
    75 | D:1      | Reached XP level 2. HP: 20/27 MP: 1/1
   417 | D:1      | Reached XP level 3. HP: 33/33 MP: 2/2
   734 | D:2      | Reached skill level 3 in Axes
   842 | D:2      | Reached XP level 4. HP: 26/40 MP: 3/3
   844 | D:2      | Reached skill level 1 in Dodging
   995 | D:2      | Found a faded altar of an unknown god.
  1122 | D:2      | Found a shadowy altar of Dithmenos.
  1408 | D:3      | Reached XP level 5. HP: 47/47 MP: 4/4
  1721 | D:3      | Reached skill level 5 in Armour
  1991 | D:3      | Reached skill level 4 in Axes
  2431 | D:4      | Reached XP level 6. HP: 44/53 MP: 5/5
  2609 | D:4      | Noticed Duvessa
  2610 | D:4      | Noticed Dowan
  2623 | D:4      | Killed Duvessa
  2623 | D:4      | Reached skill level 5 in Axes
  2623 | D:4      | Reached skill level 5 in Shields
  2628 | D:4      | Killed Dowan
  2719 | D:4      | Reached XP level 7. HP: 3/60 MP: 6/6
  2722 | D:4      | HP: 3/60 [poisoned by an adder]
  3048 | D:4      | Reached skill level 6 in Axes
  3059 | D:4      | Found an iron altar of Okawaru.
  3068 | D:4      | Reached skill level 5 in Fighting
  3533 | D:5      | Entered Level 5 of the Dungeon
  4062 | D:5      | Identified the Compendium of Stolen Souls
  4080 | D:5      | Reached skill level 7 in Axes
  4080 | D:5      | Reached XP level 8. HP: 70/70 MP: 7/7
  4663 | D:6      | Got a translucent leather armour
  4674 | D:6      | Identified the +3 leather armour of Serendipity {Str+2 Slay+3} (You found it on level 6 of the Dungeon)
  4737 | D:6      | Reached skill level 8 in Axes
  4739 | D:6      | Noticed Oddysee's ghost (novice GnWn)
  4751 | D:6      | Found a transporter.
  4754 | D:6      | Found a transporter.
  4779 | D:6      | Found a white marble altar of Elyvilon.
  4875 | D:6      | Reached skill level 1 in Stealth
  4886 | D:6      | Found Tiaxi's Distillery.
  4903 | D:6      | Bought a potion of curing for 36 gold pieces
  4903 | D:6      | Bought a potion of curing for 36 gold pieces
  4903 | D:6      | Bought a potion of heal wounds for 60 gold pieces
  4903 | D:6      | Bought a potion of heal wounds for 60 gold pieces
  4903 | D:6      | Bought a potion of heal wounds for 60 gold pieces
  5109 | D:6      | Found a staircase to the Ecumenical Temple.
  5115 | Temple   | Entered the Ecumenical Temple
  5184 | Temple   | Became a worshipper of Makhleb the Destroyer
  5329 | D:6      | Reached skill level 9 in Axes
  5427 | D:7      | Noticed a hippogriff
  5437 | D:7      | Killed a hippogriff
  5437 | D:7      | Reached XP level 9. HP: 73/79 MP: 8/8
  5533 | D:7      | Found a transporter.
  6114 | D:7      | Reached skill level 10 in Axes
  6184 | D:8      | Reached * piety under Makhleb
  6192 | D:8      | Found an ancient bone altar of Kikubaaqudgha.
  6318 | D:8      | Noticed Psyche
  6327 | D:8      | Killed Psyche
  6408 | D:8      | Noticed Joseph
  6418 | D:8      | Killed Joseph
  6418 | D:8      | Reached skill level 11 in Axes
  6570 | D:8      | Reached XP level 10. HP: 88/88 MP: 9/9
  6889 | D:9      | Noticed a two-headed ogre
  6894 | D:9      | Reached ** piety under Makhleb
  6903 | D:9      | Killed a two-headed ogre
  7114 | D:9      | Found a glowing silver altar of Zin.
  7241 | D:9      | Found an ornate altar of the Wu Jian Council.
  7241 | D:9      | Found a radiant altar of Vehumet.
  7244 | D:9      | Found a sacrificial altar of Ru.
  7419 | D:9      | Found a staircase to the Orcish Mines.
  7675 | D:6      | Killed Oddysee's ghost
  7675 | D:6      | Reached skill level 12 in Axes
  7918 | D:7      | Got a brightly glowing bone ring
  7932 | D:7      | Identified the ring of Jigixk Esche {AC+2 Stlth+} (You found it on level 7 of the Dungeon)
  7936 | D:7      | Found a transporter.
  8035 | D:10     | Entered Level 10 of the Dungeon
  8035 | D:10     | Found a staircase to the Lair.
  8192 | D:10     | Reached *** piety under Makhleb
  8343 | D:10     | Reached skill level 5 in Stealth
  8383 | D:10     | Noticed a cyclops
  8393 | D:10     | Killed a cyclops
  8393 | D:10     | Reached XP level 11. HP: 97/97 MP: 10/10
  8539 | D:10     | Reached skill level 5 in Dodging
  8865 | Orc:1    | Entered Level 1 of the Orcish Mines
  9087 | Orc:1    | Noticed Urug
  9088 | Orc:1    | Found a roughly hewn altar of Beogh.
  9102 | Orc:1    | Killed Urug
  9291 | Orc:2    | Entered Level 2 of the Orcish Mines
  9292 | Orc:2    | Noticed an ettin
  9406 | D:11     | Noticed Gastronok
  9426 | D:11     | Killed Gastronok
  9426 | D:11     | Reached skill level 13 in Axes
  9541 | D:11     | Noticed a green ugly thing
  9552 | D:11     | Killed a green ugly thing
  9629 | D:11     | Found Hetiod's Book Shoppe.
  9634 | D:11     | Reached **** piety under Makhleb
  9655 | D:11     | Found Enlimp's Antique Weapon Emporium.
  9706 | D:11     | Found Uthepn's Gadget Shop.
  9729 | D:11     | Found Yxinit's Weapon Shop.
  9733 | D:11     | Reached skill level 10 in Shields
  9741 | D:11     | Reached skill level 10 in Fighting
  9823 | D:11     | Found a shimmering altar of Xom.
  9824 | D:11     | Found a shimmering altar of Xom.
  9824 | D:11     | Found a shimmering altar of Xom.
  9824 | D:11     | Found a shimmering altar of Xom.
  9825 | D:11     | Found a shimmering altar of Xom.
  9825 | D:11     | Found a shimmering altar of Xom.
  9827 | D:11     | Found a shimmering altar of Xom.
  9945 | D:11     | Noticed a green ugly thing
 10012 | D:11     | Found a runed door.
 10012 | D:11     | Found a runed door.
 10024 | D:11     | Reached skill level 14 in Axes
 10275 | D:11     | Reached XP level 12. HP: 106/106 MP: 11/11
 10503 | D:11     | Reached ***** piety under Makhleb
 10589 | D:11     | Noticed an ogre mage
 10596 | D:11     | Found a runed door.
 10611 | D:11     | Noticed a centaur warrior
 10632 | D:11     | Killed a centaur warrior
 10746 | D:11     | Noticed a two-headed ogre
 10752 | D:11     | Killed a two-headed ogre
 10755 | D:11     | Noticed an ogre mage
 10763 | D:11     | Killed an ogre mage
 10943 | D:11     | Paralysed by an ogre mage for 4 turns
 10951 | D:11     | Killed an ogre mage
 11437 | Lair:1   | Entered Level 1 of the Lair of Beasts
 12370 | Lair:2   | Noticed a death yak
 12380 | Lair:2   | Reached skill level 15 in Axes
 12380 | Lair:2   | Reached XP level 13. HP: 99/116 MP: 12/12
 12911 | Lair:2   | Found a hole to the Spider Nest.
 12985 | Lair:2   | Got a warped buckler
 12996 | Lair:2   | Identified the cursed -3 buckler of Ysugy {rPois Int+6} (You found it on level 2 of the Lair of Beasts)
 14096 | Lair:3   | You fall through a shaft!
 14174 | Lair:4   | Found a staircase to the Swamp.
 14185 | Lair:4   | Reached skill level 1 in Long Blades
 15241 | Lair:4   | Got a dazzling flail
 15242 | Lair:4   | Identified the +8 flail of Somewhere Else {freeze, Int+4} (You found it on level 4 of the Lair of Beasts)
 15823 | Lair:5   | Found a labyrinth entrance.
 15837 | Lab      | Entered a labyrinth
 15933 | Lab      | Reached ****** piety under Makhleb
 17029 | Lab      | Noticed a minotaur
 17042 | Lab      | Killed a minotaur
 17045 | Lab      | Got a faintly glowing ring mail
 17045 | Lab      | Got a transparent chain mail
 17069 | Lair:5   | Identified the +4 ring mail of Okawaru's Approval {+Blink rElec rPois Str+3} (You found it in a labyrinth)
 17089 | Lair:5   | Identified the +7 chain mail "Wor Ikeu" {Str+4 Slay+3} (You found it in a labyrinth)
 17417 | Lair:5   | Found a viscous altar of Jiyva.
 17418 | Lair:5   | Found a staircase to the Slime Pits.
 17756 | Lair:6   | Entered Level 6 of the Lair of Beasts
 17924 | Lair:6   | Noticed Rupert
 17960 | Lair:6   | Paralysed by Rupert for 7 turns
 17971 | Lair:6   | HP: 3/119 [wolf (4)]
 17972 | Lair:6   | Killed Rupert
 17972 | Lair:6   | Reached skill level 16 in Axes
 17972 | Lair:6   | Reached XP level 14. HP: 32/127 MP: 13/13
 18507 | Lair:6   | HP: 6/127 [death yak (14)]
 19837 | Orc:2    | Found a bloodstained altar of Trog.
 19933 | Orc:2    | Found a staircase to the Elven Halls.
 19940 | Orc:2    | Found a roughly hewn altar of Beogh.
 20133 | Orc:2    | Found Gusin's Food Emporium.
 20338 | Orc:2    | Found Iklith's Distillery.
 20354 | Orc:2    | Paralysed by an orc sorcerer for 2 turns
 20423 | Orc:2    | Bought a potion of heal wounds for 75 gold pieces
 20423 | Orc:2    | Bought a potion of curing for 45 gold pieces
 20423 | Orc:2    | Bought a potion of berserk rage for 75 gold pieces
 20423 | Orc:2    | Bought a potion of curing for 45 gold pieces
 20423 | Orc:2    | Bought a potion of curing for 45 gold pieces
 20423 | Orc:2    | Bought a potion of heal wounds for 75 gold pieces
 20454 | Orc:2    | Found Qisiris's Magic Scroll Shoppe.
 20500 | Orc:2    | Reached skill level 15 in Shields
 20502 | Orc:2    | Found an ancient bone altar of Kikubaaqudgha.
 20507 | Orc:2    | Paralysed by an orc sorcerer for 2 turns
 20521 | Orc:2    | Found Ginkaf's Gadget Emporium.
 20710 | Orc:2    | Found a radiant altar of Vehumet.
 20769 | Orc:2    | Found a roughly hewn altar of Beogh.
 20807 | Orc:2    | Reached skill level 17 in Axes
 20937 | Orc:2    | Found Ynibey's Antique Armour Emporium.
 21193 | Orc:2    | Bought an ichor-stained plate armour for 924 gold pieces
 21203 | Orc:2    | Identified the cursed +0 plate armour of the Six of Wands {MR+ Int+4} (You bought it in a shop on level 2 of the Orcish Mines)
 21245 | Orc:2    | Bought a scroll of blinking for 135 gold pieces
 21603 | D:12     | Reached skill level 1 in Invocations
 21693 | D:12     | Noticed Nergalle
 21708 | D:12     | Killed Nergalle
 22131 | D:13     | Found a gate to the Vaults.
 22131 | D:13     | Noticed Nessos
 22155 | D:13     | Reached XP level 15. HP: 137/137 MP: 15/15
 22173 | D:13     | Killed Nessos
 22173 | D:13     | Reached skill level 10 in Armour
 23042 | D:14     | Found Vepumev's Jewellery Shoppe.
 23050 | D:14     | Got an encrusted scale mail
 23061 | D:14     | Identified the cursed +1 scale mail of Happiness {SInv} (You found it on level 14 of the Dungeon)
 23075 | D:14     | Bought the ring "Qetzibbin" {*Contam +Blink +Fly rElec Str+8} for 546 gold pieces
 23079 | D:14     | Found Ageluda Vahi's Distillery.
 23105 | D:14     | Bought a potion of heal wounds for 85 gold pieces
 23105 | D:14     | Bought a potion of heal wounds for 85 gold pieces
 23117 | D:14     | Noticed Azrael
 23127 | D:14     | Killed Azrael
 23159 | D:14     | Found Qapryu's Assorted Antiques.
 23173 | D:14     | Found Jeusuot's Magic Scroll Shop.
 23176 | D:14     | Bought a scroll of identify for 24 gold pieces
 23176 | D:14     | Bought a scroll of identify for 24 gold pieces
 23176 | D:14     | Bought a scroll of blinking for 90 gold pieces
 23241 | D:14     | Found Heigg's Assorted Antiques.
 23257 | D:14     | Bought a ring of dexterity for 48 gold pieces
 23331 | D:15     | Entered Level 15 of the Dungeon
 23473 | D:15     | Found a shadowy altar of Dithmenos.
 23802 | D:15     | Found Dojepaoq's Antique Armour Emporium.
 23967 | D:15     | Found a staircase to the Depths.
 24362 | Swamp:1  | Entered Level 1 of the Swamp
 24362 | Swamp:1  | Noticed a thorn hunter
 24697 | Swamp:1  | Killed a thorn hunter
 24806 | Swamp:1  | Noticed a thorn hunter
 24828 | Swamp:1  | Killed a thorn hunter
 24828 | Swamp:1  | Reached skill level 5 in Invocations
 24837 | Swamp:1  | Got a pair of slimy boots
 24848 | Swamp:1  | Identified the +3 pair of boots of Mufry {rC+} (You found it on level 1 of the Swamp)
 25100 | Swamp:1  | Noticed a thorn hunter
 25104 | Swamp:1  | Noticed Frances
 25462 | Swamp:1  | Killed a thorn hunter
 25462 | Swamp:1  | Reached skill level 18 in Axes
 26112 | Swamp:2  | Noticed a thorn hunter
 26131 | Swamp:2  | Killed a thorn hunter
 26376 | Swamp:2  | Reached XP level 16. HP: 147/147 MP: 19/19
 26505 | Swamp:2  | Killed Frances
 27435 | Swamp:3  | Reached skill level 15 in Fighting
 28228 | Swamp:4  | Entered Level 4 of the Swamp
 28499 | Swamp:4  | Noticed the 27-headed Lernaean hydra
 30276 | Swamp:4  | Got a decaying rune of Zot
 30296 | Swamp:4  | Killed the eight-headed Lernaean hydra
 31037 | D:14     | Bought a coiled copper ring for 120 gold pieces
 31037 | D:14     | Bought a scroll of teleportation for 72 gold pieces
 31038 | D:14     | Identified the ring of Ossoipt {Wiz +Fly rPois MR-} (You bought it in a shop on level 14 of the Dungeon)
 31230 | Spider:1 | Entered Level 1 of the Spider Nest
 31244 | Spider:1 | Reached XP level 17. HP: 157/157 MP: 22/22
 31281 | Spider:1 | Got a pair of slimy gloves
 31297 | Spider:1 | Identified the cursed +0 pair of gloves of the Forest {rF+} (You found it on level 1 of the Spider Nest)
 31533 | Spider:1 | Got a pitted leather armour
 31544 | Spider:1 | Identified the cursed +0 leather armour of Ozavvue {Str+5} (You found it on level 1 of the Spider Nest)
 31811 | Spider:1 | Got a bloodstained chain mail
 31822 | Spider:1 | Identified the cursed +0 chain mail of the Ward {rPois Regen+ Int+6 Slay-3} (You found it on level 1 of the Spider Nest)
 31882 | Spider:2 | Reached skill level 19 in Axes
 32482 | Spider:3 | Noticed Arachne
 32518 | Spider:3 | Killed Arachne
 32894 | Spider:4 | Entered Level 4 of the Spider Nest
 33412 | Spider:4 | Identified the +9 great mace "Fij Sec" {distort, *Noise *Corrode rElec MR+++} (You found it on level 4 of the Spider Nest)
 33724 | Spider:4 | Reached XP level 18. HP: 168/168 MP: 24/24
 33816 | Spider:4 | Got a gossamer rune of Zot
 34086 | Vaults:1 | Entered Level 1 of the Vaults
 34261 | Vaults:1 | Reached skill level 10 in Invocations
 34965 | Vaults:2 | Noticed Mennas
 35005 | Vaults:2 | Killed Mennas
 35150 | Vaults:2 | Noticed Sojobo
 35169 | Vaults:2 | Reached skill level 1 in Polearms
 35182 | Vaults:2 | HP: 7/170 [air elemental[Sojobo] (10)]
 35183 | Vaults:2 | HP: 2/170 [air elemental[Sojobo] (2)]
 35666 | Vaults:2 | Found a large runed door.
 35666 | Vaults:2 | Found a large runed door.
 35666 | Vaults:2 | Noticed iamserjio's ghost (adept OpBe)
 35666 | Vaults:2 | Noticed biddum's ghost (adept HOMo)
 35812 | Vaults:2 | Killed Sojobo
 35812 | Vaults:2 | Reached skill level 20 in Axes
 35833 | Vaults:2 | Reached skill level 15 in Armour
 36426 | Vaults:3 | Reached XP level 19. HP: 178/178 MP: 26/26
 36627 | Vaults:3 | Noticed Nikola
 36651 | Vaults:3 | Killed Nikola
 36883 | Vaults:3 | Found a staircase to the Crypt.
 36883 | Vaults:3 | Found an ancient bone altar of Kikubaaqudgha.
 36884 | Vaults:3 | Found a basalt altar of Yredelemnul.
 38537 | Vaults:4 | Reached XP level 20. HP: 189/189 MP: 28/28
 38553 | Vaults:4 | Reached skill level 21 in Axes
 38898 | Elf:1    | Entered Level 1 of the Elven Halls
 39157 | Elf:1    | Found Ekhavaux's Antique Armour Emporium.
 39266 | Elf:1    | Got a twisted chain mail
 39277 | Elf:1    | Identified the +6 chain mail of the Peasants {rC+} (You found it on level 1 of the Elven Halls)
 39743 | Elf:2    | Found Niumu's Book Boutique.
 39773 | Elf:2    | Found Rosm's Gadget Emporium.
 39860 | Elf:2    | Found Nuhin's Weapon Shoppe.
 39872 | Elf:2    | Noticed Roxanne
 40020 | Elf:2    | Killed Roxanne
 40193 | Elf:2    | Found a runed gate.
 40193 | Elf:2    | Found a runed gate.
 40194 | Elf:2    | Found a runed gate.
 40213 | Elf:2    | Found Upryop's Book Boutique.
 40217 | Elf:2    | Found Mudix's Antique Weapon Boutique.
 40629 | Elf:3    | Entered Level 3 of the Elven Halls
 41231 | Elf:3    | Reached XP level 21. HP: 199/199 MP: 29/29
 41542 | Elf:3    | Got a shimmering demon whip {flame}
 41542 | Elf:3    | Got an ichor-stained shield
 41559 | Elf:3    | Identified the cursed +0 shield of Absolutism {rElec Slay+2} (You took it off a deep elf annihilator on level 3 of the Elven Halls)
 41559 | Elf:3    | Identified the +6 demon whip of Dissatisfaction {flame, Fragile MR+ Str+7} (You took it off a deep elf annihilator on level 3 of the Elven Halls)
 41759 | Elf:3    | Identified Zuocoov's Guide on Combat Magic and Earth
 41762 | Elf:3    | Identified the Collected Works on Nocuous Attacks
 41777 | Elf:3    | Identified the +2 cloak "Haxzat" {rF+ rC- Stlth+} (You found it on level 3 of the Elven Halls)
 41813 | Elf:3    | Identified the +6 war axe of Gozag's Supremacy {speed, rPois Int+7} (You took it off a deep elf mage on level 3 of the Elven Halls)
 41822 | Elf:3    | Got a scorched silver amulet
 41823 | Elf:3    | Identified the amulet "Zaboeri" {Acrobat rElec rF+ Int+4 Stlth+} (You took it off a deep elf elementalist on level 3 of the Elven Halls)
 41824 | Elf:3    | Identified the +6 great sword "Luugud" {venom, rPois Dex+3 SInv} (You took it off a deep elf elementalist on level 3 of the Elven Halls)
 42378 | Vaults:2 | Killed biddum's ghost
 42386 | Vaults:2 | Killed iamserjio's ghost
 42547 | Vaults:5 | Entered Level 5 of the Vaults
 42569 | Vaults:5 | Reached skill level 22 in Axes
 42609 | Vaults:5 | Noticed a golden dragon
 42610 | Vaults:5 | Paralysed by a sphinx for 3 turns
 42631 | Vaults:5 | Noticed a golden dragon
 42632 | Vaults:5 | Killed a golden dragon
 42639 | Vaults:5 | Noticed a golden dragon
 42652 | Vaults:4 | Killed a golden dragon
 42698 | Vaults:5 | Noticed a golden dragon
 42967 | Vaults:4 | Killed a golden dragon
 43321 | Vaults:5 | Noticed Saint Roka
 43402 | Vaults:5 | Cast into level 3 of the Abyss (a deep elf demonologist)
 43410 | Vaults:5 | Escaped the Abyss
 43903 | Vaults:4 | Cast into level 3 of the Abyss (a deep elf demonologist)
 43903 | Abyss:3  | Found a corrupted altar of Lugonu.
 43948 | Abyss:3  | Reached XP level 22. HP: 209/209 MP: 31/31
 44145 | Abyss:3  | Gained mutation: Your body sometimes deteriorates upon taking damage. [a neqoxec]
 44148 | Vaults:4 | Escaped the Abyss
 44249 | Vaults:5 | Noticed a golden dragon
 44261 | Vaults:5 | Killed a golden dragon
 44267 | Vaults:5 | Killed a golden dragon
 44273 | Vaults:5 | Killed Saint Roka
 44375 | Vaults:5 | Found Xippur's Assorted Antiques.
 44504 | Vaults:5 | Got a twitching tin ring
 44516 | Vaults:5 | Identified the ring of the Falcon {+Inv rElec rF+ rN++} (You found it on level 5 of the Vaults)
 44582 | Vaults:5 | Got a silver rune of Zot
 44759 | Vaults:5 | Reached skill level 15 in Invocations
 45355 | Depths:1 | Entered Level 1 of the Depths
 45406 | Depths:1 | Found a gateway to Hell.
 45544 | Depths:1 | Reached skill level 23 in Axes
 46060 | Depths:2 | Found a one-way gate to the infinite horrors of the Abyss.
 46094 | Depths:2 | Reached XP level 23. HP: 220/220 MP: 33/33
 46730 | Depths:3 | Found a one-way gate leading to the halls of Pandemonium.
 46898 | Depths:3 | Paralysed by a great orb of eyes for 5 turns
 47067 | Depths:3 | Got a vibrating tin ring
 47068 | Depths:3 | Identified the ring "Wyrroan" {rC- Str+6 Int+3 Dex+4} (You found it on level 3 of the Depths)
 47160 | Depths:3 | Found a corrupted altar of Lugonu.
 48499 | Depths:5 | Entered Level 5 of the Depths
 48574 | Depths:5 | Reached XP level 24. HP: 231/231 MP: 34/34
 48928 | Depths:5 | Reached skill level 24 in Axes
 48930 | Depths:5 | HP: 6/231 [acid (8)]
 48931 | Depths:5 | Splashed by a caustic shrike's acid

Vault maps used:
D:1:      dpeg_arrival_refuge
D:2:      lemuel_crystal_altar, chequers_ecumenical_altar_simple,
          minmay_misc_feat_five, kennysheep_generic_room_13
D:4:      minmay_wonky_spiral, first_ration, okawaru_metal_pillars_3,
          uniq_duvessa
D:5:      minmay_diamond_boxcup
D:6:      elyvilon_altar_4, minmay_temple_entry_hall, gammafunk_ghost_arena,
          serial_shops, shop_fountains
D:7:      gammafunk_the_bubble, grunt_ogre_cave, kennysheep_generic_room_11
D:8:      lemuel_mausoleum_altar_kikubaaqudgha, uniq_joseph, uniq_psyche
D:9:      grunt_temple_overflow_open, lemuel_round_altar, orc_0_dummy
D:10:     lemuel_flame_loot_2, lair_entry_dummy, kennysheep_generic_room_7
D:11:     minmay_the_grid_triangle_9x9_recursive_3, serial_shops, shop, shop,
          shop, nicolae_shop_temple_entry_statues_fountains, xom_shifter_show,
          uniq_gastronok
D:12:     uniq_nergalle
D:13:     david_vaults_3
D:14:     dk_noncrumbling_2, serial_shops, shop,
          nicolae_shop_competitors_out_of_business, kennysheep_mini, shop,
          nicolae_shop_trees, kennysheep_decorative_pillar, uniq_azrael
D:15:     grunt_enter_depths_snipers, serial_shops, nicolae_shop_stone,
          grunt_dithmenos_smoke
Temple:   eino_temple_scatter_basement
Lair:1:   minivault_19, lemuel_fruit_tree
Lair:2:   nicolae_spider_entry_orb_guardian
Lair:4:   minmay_swamp_entry_swarm, grunt_megastairs_5
Lair:5:   dpeg_slime_entry_enclosed_altar, lab_entry_generic
Lair:6:   grunt_lair_end_beastmaster, uniq_rupert
Swamp:1:  evilmike_swamp_ruin_rubble_1, uniq_frances
Swamp:2:  evilmike_swamp_ruin_house_4
Swamp:3:  nicolae_swamp_stair_fork, swamp_pool2
Swamp:4:  swamp_basic_johnstein, swamp_pool1
Spider:3: uniq_arachne
Spider:4: grunt_spider_rune_circles, hangedman_spider_tarantella_strand
Orc:1:    basic_altar, uniq_urug
Orc:2:    kennysheep_orc_mage_school, basic_altar, serial_shops,
          nicolae_shop_statue_plus, bloody_trog
Elf:1:    serial_shops, shop, hangedman_elf_disciples
Elf:2:    serial_shops, nicolae_shop_behind_doors, shop, shop, shop,
          nicolae_shop_crystal, hangedman_elf_power_crystal, uniq_roxanne
Elf:3:    minmay_elf_hall_curves, grunt_ministairs_7, basic_stair_grate_trap
Vaults:1: v_misc_12, ontoclasm_vaults_ligature, hangedman_vaults_stagger,
          v_misc_11, ontoclasm_vaults_ring_small, vaults_dpeg_diagonal,
          ontoclasm_vaults_gateway, v_misc_19, ontoclasm_vaults_misaligned,
          v_misc_28
Vaults:2: advil_vaults_ghost_guards, nicolae_vaults_ring_of_whatevers,
          v_misc_13, hangedman_vaults_corner,
          vaults_standard_mumra_enter_the_diamond, grunt_vaults_funnel,
          grunt_vaults_focal, ontoclasm_vaults_hangar, uniq_mennas, uniq_sojobo
Vaults:3: ontoclasm_vaults_idyll, minmay_crypt_entry_necro_gods,
          vaults_dpeg_ring, nicolae_vaults_triangles, v_misc_26,
          vaults_standard_mumra_x, uniq_nikola
Vaults:4: grunt_vaults_trifunnel, ontoclasm_vaults_twist, v_misc_5,
          nicolae_vaults_asterisk, hangedman_vaults_stitches, v_misc_10,
          grunt_vaults_bifocal, v_rooms_4, vaults_mumra_hexcomb,
          grunt_vaults_hallway_short
Vaults:5: uniq_saint_roka
Depths:1: hell_entry, kennysheep_windowed_goal
Depths:2: minmay_mutant_horseshoe, abyss_entry_crystal, hell_entry,
          minmay_misc_feat_tower, minmay_misc_feat_pillars
Depths:3: minmay_diamond_stairs, grunt_mini_vestibule, abyss_entry_flame_altar,
          pan_entry
Depths:4: kennysheep_ambush_hall, abyss_entry, hellmouth_1,
          serial_bayou_shore_b, serial_bayou_shore_a,
          infiniplex_staircase_pool_1
Depths:5: grunt_zot_entry_gee_three, enter_ziggurat_c, pf_coc_iceberg
Abyss:3:  evilmike_abyss_exit_1,
          evilmike_nicolae_abyss_rune_betentacled_crabyss, minivault_25_ag
Lab:      lab_hedge, nicolae_lab_diamond, labyrinth_skeletal_remains,
          nicolae_lab_t_cross, labyrinth_lava_lair, nicolae_lab_x

Skill      XL: |  1  2  3  4  5  6  7  8  9 10 11 12 13 14 15 16 17 18 19 20 21 22 23 24 |
---------------+-------------------------------------------------------------------------+-----
Shields        | 4 5 6 7 8 10 12 14 15 16 17 18 19 20 21 22 23 | 23.0
Fighting       | 4 6 7 9 10 11 12 13 14 15 16 17 18 19 20 21 22 | 22.1
Armour         | 4 5 6 7 8 9 11 12 14 15 16 17 18 19 20 | 20.6
Axes           | 3 4 5 7 9 11 12 14 15 16 17 18 19 20 21 22 23 24 | 24.0
Dodging        | 1 2 4 5 7 8 |  8.5
Stealth        | 1 3 5 6 7 |  7.3
Long Blades    | 3 |  3.8
Invocations    | 2 5 8 9 11 12 13 14 15 16 | 16.5
Polearms       | 1 |  1.1

Action                   |  1- 3 |  4- 6 |  7- 9 | 10-12 | 13-15 | 16-18 | 19-21 | 22-24 || total
-------------------------+-------+-------+-------+-------+-------+-------+-------+-------++-------
Melee: War axe           |    83 |   151 |   254 |       |       |       |   184 |   101 ||   773
       Headbutt          |    14 |    32 |    86 |   227 |   324 |   382 |   327 |   276 ||  1668
       Hand axe          |       |       |     2 |   600 |    56 |       |       |       ||   658
       Broad axe         |       |       |       |    25 |   954 |  1128 |   756 |   708 ||  3571
       Demon blade       |       |       |       |       |    41 |   122 |       |       ||   163
       Trishula          |       |       |       |       |       |     4 |       |       ||     4
  Use: Scroll            |       |       |     7 |     7 |    22 |    27 |    16 |     7 ||    86
       Potion            |       |       |       |       |     1 |    15 |     6 |     1 ||    23
 Stab: Sleeping          |       |       |    12 |    20 |    15 |     6 |       |       ||    53
       Distracted        |       |       |       |     5 |       |     4 |       |    21 ||    30
       Petrified         |       |       |       |       |     2 |       |       |       ||     2
  Eat: Chunk             |       |     6 |    13 |    17 |    35 |    28 |    24 |    11 ||   134
       Ration            |       |       |       |       |     4 |     2 |       |     2 ||     8
Armor: Scale mail        |    41 |    38 |     9 |       |       |       |       |       ||    88
       Chain mail        |       |       |    22 |       |   214 |    68 |   235 |    64 ||   603
       Leather armour    |       |       |    37 |    75 |    43 |       |       |       ||   155
       Ring mail         |       |       |       |       |    37 |   497 |       |       ||   534
       Skin              |       |       |       |       |       |     1 |       |       ||     1
       Gold dragon scale |       |       |       |       |       |       |       |   167 ||   167
Dodge: Dodged            |    29 |    53 |    87 |   132 |   295 |   607 |   207 |   225 ||  1635
Block: Shield            |    57 |   100 |       |       |       |       |       |       ||   157
       Buckler           |       |       |    43 |       |       |       |       |       ||    43
       Large shield      |       |       |    63 |   432 |  1103 |  1672 |   952 |   930 ||  5152
       Rpst.: Demon blade |       |       |       |       |     2 |    15 |       |       ||    17

Table legend:
 A = Spawn XP
 B = Non-spawn XP
 C = Spawn XP percentage of total XP
 D = Spawn monster count
 E = Non-spawn monster count
 F = Spawn count percentage of total count
 G = Total turns spent on level
                    A         B        C        D         E        F      G
               +---------+---------+-------+---------+---------+-------+---------
         Total |   18450 | 1024583 |   1.8 |      20 |    1960 |   1.0 | 48931
               +---------+---------+-------+---------+---------+-------+---------
           D:1 |       0 |      50 |   0.0 |       0 |      28 |   0.0 |   730
           D:2 |       0 |     106 |   0.0 |       0 |      31 |   0.0 |   760
           D:3 |       0 |     151 |   0.0 |       0 |      36 |   0.0 |   870
           D:4 |       0 |     783 |   0.0 |       0 |      27 |   0.0 |  1173
           D:5 |       0 |     756 |   0.0 |       0 |      20 |   0.0 |  1077
           D:6 |       0 |    1386 |   0.0 |       0 |      29 |   0.0 |   833
           D:7 |       0 |    1690 |   0.0 |       0 |      25 |   0.0 |   999
           D:8 |       0 |    2028 |   0.0 |       0 |      24 |   0.0 |   711
           D:9 |       0 |    2505 |   0.0 |       0 |      22 |   0.0 |  1105
          D:10 |       0 |    2719 |   0.0 |       0 |      27 |   0.0 |  1134
          D:11 |       0 |   20222 |   0.0 |       0 |      93 |   0.0 |  2075
          D:12 |       0 |    7085 |   0.0 |       0 |      32 |   0.0 |   768
          D:13 |       0 |   13671 |   0.0 |       0 |      51 |   0.0 |   804
          D:14 |       0 |    4137 |   0.0 |       0 |      11 |   0.0 |   551
          D:15 |       0 |   12061 |   0.0 |       0 |      30 |   0.0 |   849
        Lair:1 |       0 |    1514 |   0.0 |       0 |      10 |   0.0 |  1037
        Lair:2 |       0 |    7412 |   0.0 |       0 |      28 |   0.0 |  1641
        Lair:3 |       0 |    6515 |   0.0 |       0 |      26 |   0.0 |   929
        Lair:4 |       0 |    5033 |   0.0 |       0 |      17 |   0.0 |  1461
        Lair:5 |       0 |    4264 |   0.0 |       0 |      18 |   0.0 |  1084
        Lair:6 |       0 |   18533 |   0.0 |       0 |      39 |   0.0 |  1623
       Swamp:1 |       0 |   17378 |   0.0 |       0 |      43 |   0.0 |  1472
       Swamp:2 |       0 |   21102 |   0.0 |       0 |      34 |   0.0 |  1347
       Swamp:3 |       0 |    8871 |   0.0 |       0 |      30 |   0.0 |  1605
       Swamp:4 |       0 |   38990 |   0.0 |       0 |      61 |   0.0 |  1724
      Spider:1 |       0 |   11703 |   0.0 |       0 |      33 |   0.0 |   669
      Spider:2 |       0 |    8523 |   0.0 |       0 |      25 |   0.0 |   568
      Spider:3 |       0 |   16865 |   0.0 |       0 |      40 |   0.0 |   459
      Spider:4 |       0 |   46899 |   0.0 |       0 |     113 |   0.0 |  1022
         Orc:1 |       0 |    1632 |   0.0 |       0 |      15 |   0.0 |   491
         Orc:2 |       0 |   11542 |   0.0 |       0 |      64 |   0.0 |  1552
         Elf:1 |       0 |   28361 |   0.0 |       0 |      45 |   0.0 |   833
         Elf:2 |       0 |   43815 |   0.0 |       0 |      58 |   0.0 |   963
         Elf:3 |       0 |   60843 |   0.0 |       0 |      68 |   0.0 |  1272
      Vaults:1 |       0 |   13303 |   0.0 |       0 |      25 |   0.0 |   772
      Vaults:2 |       0 |   54760 |   0.0 |       0 |      65 |   0.0 |  1982
      Vaults:3 |       0 |   70483 |   0.0 |       0 |      95 |   0.0 |  1312
      Vaults:4 |       0 |   92916 |   0.0 |       0 |      99 |   0.0 |  2443
      Vaults:5 |       0 |  114777 |   0.0 |       0 |     101 |   0.0 |  1093
      Depths:1 |       0 |   35668 |   0.0 |       0 |      54 |   0.0 |   659
      Depths:2 |       0 |   40001 |   0.0 |       0 |      54 |   0.0 |   670
      Depths:3 |       0 |   59632 |   0.0 |       0 |      81 |   0.0 |  1000
      Depths:4 |       0 |   48917 |   0.0 |       0 |      68 |   0.0 |   815
      Depths:5 |       0 |   62146 |   0.0 |       0 |      52 |   0.0 |   432
       Abyss:3 |   18450 |       0 | 100.0 |      20 |       0 | 100.0 |   253
           Lab |       0 |    2835 |   0.0 |       0 |      13 |   0.0 |  1221
               +---------+---------+-------+---------+---------+-------+---------
